 Dungeon Crawl Stone Soup version 0.30-a0-279-g4b46babb21 (webtiles) character file.

Game seed: 13723343082062156953

5233 themarg the Fighter (level 10, -2/101 HPs)
             Began as a Minotaur Monk on Oct 16, 2022.
             Was an Elder of Okawaru.
             Slain by a two-headed ogre
             ... wielding a +0 dire flail
              (16 damage)
             ... on level 9 of the Dungeon.
             The game lasted 00:19:24 (8686 turns).

themarg the Fighter (Minotaur Monk)                 Turns: 8686, Time: 00:19:24

Health: -2/101     AC: 14    Str: 20    XL:     10   Next: 35%
Magic:  14/14      EV:  8    Int:  9    God:    Okawaru [****..]
Gold:   370        SH:  0    Dex: 19    Spells: 9/9 levels left

rFire   + . .      SeeInvis .    j - +4 flail (freeze)
rCold   x . .      Faith    +    (no shield)
rNeg    . . .      Spirit   .    N - +0 plate armour
rPois   +          Reflect  .    l - +2 hat
rElec   +          Harm     .    (no cloak)
rCorr   .          Rampage  .    (no gloves)
Will    .....                    (no boots)
Stlth   ..........               C - amulet of faith
HPRegen 0.36/turn                u - ring of Fixation {Fire +Blink rElec rPois Int+2}
MPRegen 0.14/turn                o - +6 ring of dexterity

@: confused, ambrosia-drunk, on blink cooldown
A: horns 2, retaliatory headbutt
a: Renounce Religion, Evoke Blink, Heroism, Finesse


You were on level 9 of the Dungeon.
You worshipped Okawaru.
Okawaru was greatly pleased with you.
You visited 2 branches of the dungeon, and saw 11 of its levels.

You collected 370 gold pieces.

Inventory:

Hand Weapons
 j - a +4 flail of freezing (weapon)
Missiles
 g - 119 stones (quivered)
 p - 3 javelins
 t - 4 boomerangs
 F - 13 poisoned darts
 K - a curare-tipped dart
Armour
 l - a +2 hat (worn)
 N - a +0 plate armour (worn)
Jewellery
 o - a +6 ring of dexterity (right hand)
 u - the ring of Fixation (left hand) {Fire +Blink rElec rPois Int+2}
   (You found it on level 2 of the Dungeon)

   [ring of fire]

   It enhances your fire magic.
   Int:       It affects your intelligence (+2).
   rF:        It protects you from fire.
   rC:        It makes you vulnerable to cold.
   rElec:     It insulates you from electricity.
   rPois:     It protects you from poison.
   +Blink:    It lets you blink.
 A - a ring of resist corrosion
 C - an amulet of faith (around neck)
 M - a ring of wizardry
Wands
 x - a wand of paralysis (7)
 y - a wand of flame (29)
 D - a wand of iceblast (8)
 E - a wand of mindburst (30)
Scrolls
 a - a scroll of summoning {unknown}
 b - 2 scrolls of magic mapping {unknown}
 e - 8 scrolls of teleportation
 i - 3 scrolls of identify
 n - 4 scrolls of enchant armour {unknown}
 r - 4 scrolls of immolation {unknown}
 v - 3 scrolls of fog {unknown}
 w - 3 scrolls of blinking {unknown}
 H - a scroll of noise {unknown}
 I - a scroll of amnesia {unknown}
 L - a scroll of vulnerability {unknown}
Potions
 d - 3 potions of flight
 f - a potion of attraction {unknown}
 h - 2 potions of resistance
 k - 4 potions of berserk rage
 m - 2 potions of haste {unknown}
 q - 2 potions of heal wounds {unknown}
 s - 2 potions of mutation {unknown}
 z - a potion of invisibility {unknown}
 B - a potion of brilliance {unknown}
 G - 5 potions of curing {unknown}
 J - a potion of might {unknown}


   Skills:
 - Level 13.0 Fighting
 - Level 4.1 Maces & Flails
 + Level 5.9 Armour
 - Level 5.0 Dodging
 - Level 2.1 Stealth
 + Level 7.2 Invocations
 - Level 5.0 Evocations


You had 9 spell levels left.
You didn't know any spells.
Your spell library contained the following spells:

 Spells                   Type           Power      Damage    Failure   Level
 Magic Dart               Conj           0%         1d3       100%        1
 Necrotise                Necr           0%         1d4       100%        1
 Blink                    Tloc           0%         N/A       100%        2
 Searing Ray              Conj           0%         2d4       100%        2
 Kindle Blastsparks       Fire/Tloc/Air  0%         2d10      100%        3
 Vampiric Draining        Necr           0%         2d6       100%        3
 Fulminant Prism          Conj/Hex       0%         3d6       100%        4
 Iskenderun's Mystic Bla  Conj/Tloc      0%         2d3       100%        4
 Manifold Assault         Tloc           0%         N/A       100%        4
 Agony                    Necr           0%         N/A       100%        5
 Blade Hands              Tmut           0%         N/A       100%        5
 Irradiate                Conj/Tmut      0%         3d11      100%        5
 Lee's Rapid Deconstruct  Erth           0%         3d5*      100%        5
 Dragon Form              Tmut           0%         N/A       100%        7
 Storm Form               Tmut/Air       0%         N/A       100%        7


Dungeon Overview and Level Annotations

Branches:
Dungeon (10/15)            Temple (1/1) D:7            Lair (0/5) D:10
    Orc: D:9-12

Altars:
Ashenzari
Cheibriados
Dithmenos
Elyvilon
Fedhas
Gozag
Hepliaklqana
Kikubaaqudgha
Makhleb
Nemelex Xobeh
Okawaru
Qazlal
Ru
Sif Muna
Trog
Uskayaw
Vehumet
Wu Jian
Xom
Yredelemnul
Zin
The Shining One

Shops:
D:9 [

Annotations:
D:4 Grinder


Innate Abilities, Weirdness & Mutations

You have a pair of horns on your head.
You reflexively headbutt those who attack you in melee.


Message History

You climb downwards.
The death yak closely misses you. You furiously retaliate!
You headbutt the death yak.
The death yak gores you but does no damage. x2
The death yak gores you!
There is a stone staircase leading up, spattered with blood here.
The death yak closely misses you. x2; You furiously retaliate!
You headbutt the death yak! The two-headed ogre barely misses you.
The two-headed ogre hits you with a +0 giant club.
You climb upwards.
There is a stone staircase leading down here.
Okay, then.
Okay, then.
Okay, then.
Okay, then.
The death yak gores you!! The death yak attacks as you move away!
The death yak gores you! The death yak attacks as you move away!
The death yak barely misses you. You furiously retaliate!
You headbutt the death yak!
The two-headed ogre hits you with a +0 dire flail.
The two-headed ogre barely misses you. The death yak attacks as you move away!
The death yak barely misses you. You furiously retaliate!
You headbutt the death yak. The death yak attacks as you move away!
The death yak gores you!
There is an open door here.
Things that are here:
a +0 giant club; a +0 giant spiked club The death yak attacks as you move away!
The death yak gores you. The death yak attacks as you move away!
The death yak gores you!
* * * LOW HITPOINT WARNING * * *
The two-headed ogre attacks as you move away!
The two-headed ogre hits you but does no damage.
The two-headed ogre hits you with a +0 giant club!
* * * LOW HITPOINT WARNING * * *
Okay, then.
Okay, then.
You blink.
You are confused.
You feel invigorated.
The two-headed ogre hits you with a +0 dire flail!
You die...

...#≈.≈...≈§≈#..#########
...#≈..≈≈≈§.≈#.........<#
...#.≈§§§§§§.#.......>..#
...#.....§.§.#..........#
##..#########[...§##<...#
####.......####)###....#
#............Y.#....#
#...........OY.#....#
#...........@#########
#...##'#####'#≈..∩..≈#
######))###..#..≈≈≈..#
#.))..#..#.≈≈≈≈≈.#
#.....#<.#.≈≈≈≈≈.#
#.."..#..#.≈≈≈≈≈.#
#.....#..#..≈≈≈..#
#.[..##..##.....##
#....###......###


You could see 2 death yaks and a two-headed ogre.

Vanquished Creatures
  A two-headed ogre (D:9)
  A death yak (D:9)
  Pikel (D:6)
  2 wyverns
  Eustachio (D:6)
  Edmund (D:6)
  4 water moccasins
  2 ice beasts
  2 sky beasts
  2 centaurs
  2 phantoms
  A kobold brigand (D:8)
  3 bullfrogs
  A necrophage (D:4)
  2 scorpions (D:4)
  6 wights
  5 killer bees (D:8)
  4 howler monkeys
  4 orc priests
  A gnoll bouda (D:9)
  A hound (D:5)
  2 jellies
  3 iguanas
  6 orc wizards
  A hell rat (D:10)
  9 gnolls
  12 adders
  A shadow imp (D:7)
  6 white imps
  2 worms
  A dart slug (D:1)
  34 orcs
  3 bats
  8 endoplasms
  3 giant cockroaches
  16 goblins
  7 hobgoblins
  19 kobolds
  2 quokkas (D:1)
  7 ball pythons
  3 frilled lizards (D:1)
  3 rats
195 creatures vanquished.

Vanquished Creatures (others)
  9 plants (D:7)
9 creatures vanquished.

Grand Total: 204 creatures vanquished

Notes
Turn   | Place    | Note
-------+----------+-------------------------------------------
     0 | D:1      | themarg the Minotaur Monk began the quest for the Orb.
     0 | D:1      | Reached XP level 1. HP: 19/19 MP: 0/0
    63 | D:1      | Reached XP level 2. HP: 4/27 MP: 1/1
   295 | D:1      | Reached skill level 4 in Fighting
   349 | D:1      | Reached XP level 3. HP: 33/33 MP: 2/2
  1120 | D:2      | You fall into a shaft and drop 1 floor!
  1280 | D:3      | Reached skill level 5 in Fighting
  1280 | D:3      | Reached XP level 4. HP: 36/42 MP: 3/3
  1613 | D:2      | Identified the ring of Fixation {Fire +Blink rElec rPois
                  | Int+2}
  1954 | D:3      | Reached skill level 6 in Fighting
  1963 | D:3      | Reached XP level 5. HP: 48/51 MP: 4/4
  2156 | D:3      | Noticed a phantom
  2165 | D:3      | Killed a phantom
  2166 | D:3      | Reached skill level 7 in Fighting
  2257 | D:3      | Reached XP level 6. HP: 59/60 MP: 5/5
  2534 | D:4      | Noticed Grinder
  2700 | D:4      | Reached skill level 8 in Fighting
  2969 | D:4      | Reached skill level 9 in Fighting
  2969 | D:4      | Reached XP level 7. HP: 60/70 MP: 6/6
  3095 | D:5      | Entered Level 5 of the Dungeon
  3281 | D:5      | Reached skill level 10 in Fighting
  3433 | D:5      | Noticed a wyvern
  3438 | D:5      | Killed a wyvern
  4092 | D:6      | Noticed Edmund
  4201 | D:6      | Reached skill level 1 in Evocations
  4287 | D:6      | Reached XP level 8. HP: 73/81 MP: 7/7
  4315 | D:6      | Noticed Pikel
  4320 | D:6      | Reached skill level 11 in Fighting
  4334 | D:6      | Killed Pikel
  4596 | D:6      | Reached skill level 5 in Evocations
  4704 | D:6      | Killed Edmund
  4793 | D:6      | Reached skill level 5 in Dodging
  4833 | D:6      | Noticed Eustachio
  4841 | D:6      | Killed Eustachio
  4842 | D:6      | Reached skill level 12 in Fighting
  4842 | D:6      | Reached XP level 9. HP: 69/90 MP: 8/8
  4857 | D:6      | Reached skill level 1 in Armour
  6048 | D:7      | Found a staircase to the Ecumenical Temple.
  6057 | Temple   | Entered the Ecumenical Temple
  6298 | Temple   | Became a worshipper of Warmaster Okawaru
  6298 | Temple   | Reached * piety under Okawaru
  6298 | Temple   | Reached ** piety under Okawaru
  6521 | D:8      | Reached skill level 1 in Invocations
  6678 | D:8      | Reached skill level 13 in Fighting
  6678 | D:8      | Reached skill level 5 in Armour
  7980 | D:9      | Found a radiant altar of Vehumet.
  7993 | D:9      | Reached skill level 5 in Invocations
  8017 | D:9      | Reached XP level 10. HP: 84/97 MP: 12/12
  8018 | D:9      | Reached *** piety under Okawaru
  8156 | D:9      | Noticed a two-headed ogre
  8168 | D:9      | Killed a two-headed ogre
  8443 | D:9      | Found Xatimep's Antique Armour Emporium.
  8475 | D:10     | Entered Level 10 of the Dungeon
  8476 | D:10     | Noticed a death yak
  8478 | D:10     | Noticed a death yak
  8479 | D:10     | Found a staircase to the Lair.
  8479 | D:10     | Noticed a death yak
  8481 | D:10     | Noticed a two-headed ogre
  8492 | D:9      | Killed a death yak
  8492 | D:9      | Reached **** piety under Okawaru
  8686 | D:9      | Slain by a two-headed ogre

Illustrated notes

Levels and vault maps discovered:
D:1:      minmay_arrival_plants_in_alcoves, layout_basic
D:2:      cheibrodos_pilgrimage, layout_basic
D:3:      layout_basic
D:4:      layout_rooms, reono_crystal_passage, uniq_grinder
D:5:      layout_loops_ring
D:6:      layout_basic, uniq_pikel, uniq_eustachio, uniq_edmund
D:7:      corexii_shantytown, layout_rooms, minmay_temple_entry_gardened_gates
D:8:      layout_loops_corners, roderic_lattice_a, st_stairs_9
D:9:      layout_gridville, mainiacjoe_overflow_paths, serial_shops,
          nicolae_lakefront_shop
D:10:     hangedman_cross_stitches, layout_basic, dpeg_lair_monsters,
          minmay_crystal_room, nrook_mini_backslash
Temple:   mainiacjoe_temple_archimedes_tessellation

Skill      XL: |  1  2  3  4  5  6  7  8  9 10 |
---------------+-------------------------------+-----
Stealth        | 2 |  2.1
Maces & Flails | 4 |  4.1
Fighting       | 4 5 6 7 9 10 12 13 | 13.0
Evocations     | 1 5 |  5.0
Dodging        | 5 |  5.0
Armour         | 5 |  5.9
Invocations    | 5 7 |  7.2

Action                   |  1- 3 |  4- 6 |  7- 9 | 10-12 || total
-------------------------+-------+-------+-------+-------++-------
Melee: Mace              |    80 |    28 |       |       ||   108
       Headbutt          |    11 |    21 |    60 |     6 ||    98
       Punch             |     1 |     1 |     6 |     1 ||     9
       Flail             |       |    59 |   306 |    27 ||   392
Invok: Heroism           |       |       |     1 |     2 ||     3
 Abil: Evoke Blink       |       |       |     1 |     1 ||     2
  Use: Scroll            |       |     3 |     1 |       ||     4
       Potion            |       |       |       |     1 ||     1
 Stab: Sleeping          |       |     4 |       |       ||     4
Armor: Robe              |     1 |       |       |       ||     1
       Ring mail         |    27 |    20 |    12 |       ||    59
       Chain mail        |       |       |   182 |     3 ||   185
       Plate armour      |       |       |       |    10 ||    10
Dodge: Dodged            |    51 |    42 |   171 |    34 ||   298

Table legend: (Time is in decaauts)
 A = Elapsed time spent in this place.
 B = Non-inter-level travel time spent in this place.
 C = Inter-level travel time spent in this place.
 D = Time resting spent in this place.
 E = Time spent auto-exploring this place.
 F = Levels seen in this place.
 G = Mean time per level.
                   A        B        C        D        E       F      G
               +--------+--------+--------+--------+--------+-----+--------+
         Total |   8805 |   8571 |    234 |   1256 |   5751 |  11 |  800.5 |
       Dungeon |   8555 |   8363 |    192 |   1256 |   5563 |  10 |  855.5 |
        Temple |    250 |    208 |     42 |      0 |    188 |   1 |  250.0 |
               +--------+--------+--------+--------+--------+-----+--------+

Top non-repeatable levels by time:
     D:8: 1568 daAuts
     D:6: 1097 daAuts
     D:3: 1050 daAuts
     D:5: 1012 daAuts
     D:7: 929 daAuts
     D:9: 806 daAuts
     D:1: 763 daAuts
     D:2: 722 daAuts
     D:4: 590 daAuts
  Temple: 250 daAuts
    D:10: 15 daAuts
